Construct Section Command Post
Selects Canadian Shock Battlegroup
Construct Field Infirmary
Construct Platoon Command Post
Selects Canadian Shock Section
Selects Incendiary Munitions
6-pounder Anti-tank Gun Team
6-pounder Anti-tank Gun Team
Construct Company Command Post
Selects Churchill Crocodile Heavy Tank
Churchill Crocodile Heavy Tank
Unlock M3 Grant Medium Tanks
Churchill Crocodile Heavy Tank
Unlock Towed 17-pounder Anti-tank Guns
17-pounder Anti-tank Gun Team